 Dungeon Crawl Stone Soup version 0.31-a0-1074-g0b22e4e0f1 (webtiles) character file.

Game seed: 7375114305961737280

96160 Anonymone the Fencer (level 15, -6/108 HPs)
             Began as a Demonspawn Venom Mage on Nov 26, 2023.
             Was the Champion of Vehumet.
             Succumbed to a green ugly thing's poison
             ... on level 14 of the Dungeon.
             The game lasted 01:38:47 (31381 turns).

Anonymone the Fencer (Demonspawn Venom Mage)       Turns: 31381, Time: 01:38:48

Health: -6/108     AC: 15    Str: 10    XL:     15   Next: 68%
Magic:  17/29      EV: 12    Int: 29    God:    Vehumet [******]
Gold:   1461       SH:  5    Dex: 15    Spells: 4/35 levels left

rFire   . . .        u - +9 long sword of Watchfulness {flame, rF- rC++ rCorr Str+2}
rCold   + + .        (no shield)
rNeg    . . .        x - +0 acid dragon scales
rPois   .            q - +1 helmet
rElec   .            (no cloak)
rCorr   +            w - +0 pair of gloves
SInv    .            d - +0 pair of boots
Will    +....        T - amulet of reflection
Stlth   ++           l - ring of protection from fire
HPRegen 1.38/turn    G - +6 ring of intelligence
MPRegen 0.21/turn

%: reflection
@: lethally poisoned (-6 -> -47), studying Hexes
A: powered by death 3, spiny 1, sharp scales 3
a: Renounce Religion


You were on level 14 of the Dungeon.
You worshipped Vehumet.
Vehumet was exalted by your worship.
You visited 4 branches of the dungeon, and saw 23 of its levels.

You collected 2527 gold pieces.
You spent 1066 gold pieces at shops.

Inventory:

Hand Weapons
 u - the +9 long sword of Watchfulness (weapon) {flame, rF- rC++ rCorr Str+2}
   (You found it on level 9 of the Dungeon)

   Str+2:     It affects your strength (+2).
   rF-:       It makes you vulnerable to fire.
   rC++:      It greatly protects you from cold.
   rCorr:     It protects you from acid and corrosion.
Missiles
 j - 5 throwing nets
Armour
 d - a +0 pair of boots (worn)
 q - a +1 helmet (worn)
 w - a +0 pair of gloves (worn)
 x - +0 acid dragon scales (worn)
 D - a +2 buckler
Jewellery
 l - a ring of protection from fire (left hand)
 G - a +6 ring of intelligence (right hand)
 T - an amulet of reflection (around neck)
Wands
 a - a wand of flame (10)
 o - a wand of polymorph (22)
 t - a wand of quicksilver (16)
 y - a wand of charming (5)
 F - a wand of digging (11)
 S - a wand of roots (18)
Scrolls
 c - a scroll of fog
 e - a scroll of blinking
 f - 4 scrolls of amnesia
 g - a scroll of vulnerability
 H - 2 scrolls of identify
 I - a scroll of enchant armour
 J - a scroll of brand weapon
 O - 2 scrolls of teleportation
 V - a scroll of revelation
Potions
 b - 6 potions of magic
 i - a potion of resistance
 k - 2 potions of brilliance
 n - 6 potions of heal wounds
 s - 3 potions of curing
 E - 5 potions of enlightenment
 K - a potion of ambrosia
 L - 2 potions of haste
 Y - a potion of invisibility


   Skills:
 - Level 7.5 Fighting
 - Level 15.0 Long Blades
 - Level 4.9 Armour
 - Level 2.5 Dodging
 - Level 2.1 Stealth
 + Level 10.7 Spellcasting
 - Level 4.5 Conjurations
 - Level 1.1 Transmutations
 - Level 8.3 Fire Magic
 - Level 13.0 Air Magic
 - Level 7.1 Poison Magic


You had 4 spell levels left.
You knew the following spells:

 Your Spells              Type           Power      Damage    Failure   Level
a - Sting                 Tmut/Pois      100%       1d8       1%          1
b - Poisonous Vapours     Pois/Air       100%       N/A       1%          2
c - Mephitic Cloud        Conj/Pois/Air  59%        N/A       1%          3
d - Olgreb's Toxic Radia  Pois           55%        N/A       1%          4
e - Swiftness             Air            74%        N/A       1%          3
f - Airstrike             Air            37%        2d(6-22)  1%          4
g - Arcjolt               Conj/Air       30%        1d40      1%          5
h - Sticky Flame          Conj/Fire      52%        2d7       1%          4
i - Freezing Cloud        Conj/Ice/Air   24%        6-21      3%          5

Your spell library contained the following spells:

 Spells                   Type           Power      Damage    Failure   Level
 Plasma Beam              Fire/Air       33%        2x1d46    2%          6
 Shock                    Conj/Air       100%       1d9       1%          1
 Inner Flame              Hex/Fire       39%        N/A       1%          3
 Stone Arrow              Conj/Erth      56%        3d10      1%          3
 Flame Wave               Conj/Fire      52%        2d13      1%          4
 Apportation              Tloc           30%        N/A       5%          1
 Necrotise                Necr           60%        1d7       5%          1
 Summon Small Mammal      Summ           60%        N/A       5%          1
 Call Imp                 Summ           30%        N/A       8%          2
 Lesser Beckoning         Tloc           30%        N/A       8%          2
 Call Canine Familiar     Summ           15%        N/A       16%         3
 Gell's Gravitas          Tloc           15%        N/A       16%         3
 Teleport Other           Tloc           15%        N/A       16%         3
 Animate Armour           Summ/Erth      30%        N/A       45%         4
 Summon Forest            Summ/Tloc      7%         N/A       82%         5
 Summon Mana Viper        Hex/Summ       15%        N/A       82%         5
 Dispersal                Tloc           7%         N/A       100%        6
 Summon Cactus Giant      Summ           7%         N/A       100%        6
 Haunt                    Necr/Summ      7%         N/A       100%        7
 Malign Gateway           Summ/Tloc      7%         N/A       100%        7
 Lehudib's Crystal Spear  Conj/Erth      14%        10d5      100%        8
 Shatter                  Erth           7%         3d10*     100%        9


Dungeon Overview and Level Annotations

Branches:
Dungeon (15/15)            Temple (1/1) D:4            Lair (5/5) D:9
 Shoals (0/4) Lair:3       Spider (0/4) Lair:2        Slime (0/5) Lair:5
    Orc (2/2) D:9             Elf (0/3) Orc:2
 Vaults: D:13-14     Depths: D:15

Altars:
Ashenzari
Cheibriados
Dithmenos
Fedhas
Gozag
Hepliaklqana
Kikubaaqudgha
Makhleb
Nemelex Xobeh
Okawaru
Qazlal
Ru
Sif Muna
Trog
Uskayaw
Vehumet
Wu Jian
Xom
Yredelemnul
Jiyva

Shops:
D:3 !   D:5 !   D:11 ((:   Orc:2 *:=[=

Annotations:
Lair:4 3 runed translucent doors, Godezusi's ghost, journeyman DsFi


Innate Abilities, Weirdness & Mutations

You regenerate a lot of health from kills.
You are partially covered in sharp spines.
You are completely covered in razor-sharp scales. (AC +3, Slay +3)


Message History

Press: ? - help, Dir - move target, f - centaur warrior
Aim: a centaur warrior, wielding a +0 shortbow You feel very sick.
The centaur warrior is engulfed in freezing vapours.
The green ugly thing is struck by your spines.
The green ugly thing stings you.
The four-headed hydra is engulfed in freezing vapours.
The four-headed hydra seems to slow down.
The slime creature is struck by your spines.
The slime creature closely misses you.
Unknown command.
You feel very sick.
The centaur warrior is engulfed in freezing vapours.
The green ugly thing is struck by your spines.
The green ugly thing stings you but does no damage.
The four-headed hydra is engulfed in freezing vapours.
A vault guard comes into view.
It is wielding a +2 great sword of protection.
Unknown command.
Casting: Freezing Cloud (dangerous; 3% risk of failure)
Confirm with . or Enter, or press ? or * to list all spells.
Electricity surges outward!
The slime creature is struck by an electric surge!!!
You kill the slime creature!
Vehumet accepts your kill.
The green ugly thing is struck by an electric surge.
The four-headed hydra is struck by an electric surge.
The four-headed hydra is severely wounded.
The centaur warrior is struck by an electric surge.
The vault guard shouts!
You feel very sick.
The centaur warrior is engulfed in freezing vapours.
The green ugly thing is struck by your spines.
The green ugly thing stings you.
You are more poisoned.
The green ugly thing poisons you!
Electricity crackles from the ironbound thunderhulk's apparatus.
The bolt of lightning hits you!!!
Ouch! That really hurt!
* * * LOW HITPOINT WARNING * * *
You die...

#....#.....'...#
#....#.....#...#
#....#.....#...#
#..####'##...#
#........#...#####
#........#...#...#
#........#...#...#
#........#...#...#
####...#####...#@# ##
...÷÷..#...#...#.#..###
.......'...####..uD§§O#
.......#...'.....'§§§.p.
####...#####.....'....###
...........#.....#..###.#
...........##########...#
...............#...#....#
...._..........#...#....#


You could see a green ugly thing.

Vanquished Creatures
  An orc warlord (Orc:2)
  A fire dragon (Lair:5)
  7 hydras
  Harold (D:11)
  An ogre mage (D:15)
  2 centaur warriors (D:15)
  Erolcha (D:10)
  A boulder beetle (Lair:2)
  8 two-headed ogres
  8 death yaks
  2 tengu warriors (D:15)
  2 orc high priests (Orc:2)
  Urug (D:11)
  3 skysharks
  Lodul (D:11)
  A deep troll (shapeshifter) (D:13)
  A swamp dragon (Lair:5)
  A lindwurm (Lair:5)
  Pikel (D:7)
  2 deep elf pyromancers
  6 orc knights
  2 orc sorcerers
  3 oklob plants
  A cyclops (D:13)
  2 wolf spiders (Lair:5)
  A guardian serpent (Lair:5)
  7 elephants
  13 black mambas
  A torpor snail (Lair:2)
  29 cane toads
  An unseen horror (D:12)
  3 rime drakes
  Psyche (D:8)
  A gargoyle (D:13)
  An unseen horror zombie (D:7)
  A kobold demonologist (D:11)
  14 komodo dragons
  2 tengu conjurers (D:14)
  10 trolls
  4 hornets
  4 polar bears
  15 blink frogs
  A snapping turtle (Lair:3)
  3 dream sheep
  5 slime creatures
  2 vampires
  A jumping spider (Lair:2)
  A shadow (D:9)
  A wraith (D:11)
  Sigmund (D:4)
  13 wyverns
  A water elemental (Lair:3)
  67 yaks
  3 steam dragons
  7 basilisks
  5 vampire mosquitoes
  3 redbacks
  4 wargs
  24 water moccasins
  2 acid dragons
  Duvessa (D:5)
  34 orc warriors
  A black bear (D:4)
  An ice beast (D:6)
  5 sky beasts (D:7)
  4 swamp drakes (Lair:5)
  13 ogres
  45 wolves
  28 centaurs
  4 lemures (D:7)
  5 kobold brigands
  A gnoll sergeant (D:8)
  12 bullfrogs
  3 scorpions
  5 wyvern zombies (D:7)
  A water moccasin zombie (D:7)
  12 wights
  Dowan (D:5)
  11 killer bees
  7 howler monkeys
  3 electric eels
  A centaur zombie (D:7)
  A bullfrog zombie (D:7)
  3 hounds
  2 jellies
  12 orc priests
  A sleepcap (D:5)
  4 iguanas
  18 orc wizards
  4 hell rats (Lair:5)
  A killer bee zombie (D:7)
  5 howler monkey zombies (D:7)
  10 gnolls
  5 adders
  2 shadow imps (D:7)
  3 white imps
  4 ufetubi
  2 worms
  2 dart slugs
  59 orcs
  3 ball pythons
  9 endoplasms
  4 giant cockroaches
  3 goblins
  3 hobgoblins
  4 jackals
  9 quokkas
  4 bats
  9 frilled lizards
  19 kobolds
  3 rats
  A butterfly (Lair:4)
719 creatures vanquished.

Vanquished Creatures (collateral kills)
  A death yak (Lair:4)
1 creature vanquished.

Vanquished Creatures (others)
  A skyshark (Lair:4)
  An arcanist (D:4)
  An orc wizard (Orc:1)
3 creatures vanquished.

Grand Total: 723 creatures vanquished

Notes
Turn   | Place    | Note
-------+----------+-------------------------------------------
     0 | D:1      | Anonymone the Demonspawn Venom Mage began the quest for the
                  | Orb.
     0 | D:1      | Reached XP level 1. HP: 13/13 MP: 3/3
   104 | D:1      | Reached skill level 1 in Transmutations
   291 | D:1      | Gained mutation: You regenerate a little health from kills.
                  | [demonic ancestry]
   291 | D:1      | Reached XP level 2. HP: 19/19 MP: 1/5
   294 | D:1      | Learned a level 2 spell: Poisonous Vapours
  1162 | D:2      | Reached XP level 3. HP: 24/24 MP: 0/6
  1177 | D:2      | Learned a level 3 spell: Mephitic Cloud
  1923 | D:3      | Reached skill level 1 in Conjurations
  1971 | D:3      | Reached skill level 1 in Air Magic
  2035 | D:3      | Found a snail-covered altar of Cheibriados.
  2036 | D:3      | Found a burning altar of Makhleb.
  2170 | D:3      | Reached XP level 4. HP: 25/30 MP: 1/7
  2360 | D:3      | Found Kusch's Distillery.
  2363 | D:3      | Bought a potion of degeneration for 12 gold pieces
  2471 | D:3      | Found a faded altar of an unknown god.
  2766 | D:3      | Gained mutation: You regenerate health from kills. [demonic
                  | ancestry]
  2766 | D:3      | Reached XP level 5. HP: 35/35 MP: 0/8
  3144 | D:4      | Noticed Sigmund
  3272 | D:4      | Found a bloodstained altar of Trog.
  3277 | D:4      | Noticed an arcanist
  3281 | D:4      | Killed an arcanist
  3658 | D:4      | Killed Sigmund
  3659 | D:4      | Reached XP level 6. HP: 41/41 MP: 1/9
  3738 | D:4      | Found an ornate altar of the Wu Jian Council.
  4063 | D:4      | Found a staircase to the Ecumenical Temple.
  4199 | Temple   | Entered the Ecumenical Temple
  4222 | Temple   | Became a worshipper of Vehumet
  4268 | D:4      | Reached XP level 7. HP: 41/46 MP: 3/10
  4274 | D:4      | Learned a level 4 spell: Olgreb's Toxic Radiance
  4524 | D:5      | Entered Level 5 of the Dungeon
  5628 | D:5      | Reached skill level 5 in Poison Magic
  5770 | D:5      | Found Muku's Distillery.
  5810 | D:5      | Noticed Duvessa
  5810 | D:5      | Noticed Dowan
  6540 | D:5      | Killed Dowan
  6552 | D:5      | Killed Duvessa
  6552 | D:5      | Reached * piety under Vehumet
  6552 | D:5      | Offered knowledge of Freeze by Vehumet.
  6553 | D:5      | Gained mutation: You are partially covered in razor-sharp
                  | scales. (AC +1, Slay +1) [demonic ancestry]
  6553 | D:5      | Reached XP level 8. HP: 52/52 MP: 0/11
  7644 | D:5      | Learned a level 3 spell: Swiftness
  8029 | D:6      | Reached skill level 5 in Spellcasting
  8605 | D:6      | Found a sacrificial altar of Ru.
  8862 | D:6      | Gained mutation: You are mostly covered in razor-sharp
                  | scales. (AC +2, Slay +2) [demonic ancestry]
  8862 | D:6      | Reached XP level 9. HP: 32/57 MP: 6/18
  9646 | D:6      | Learned a level 4 spell: Airstrike
  9708 | D:7      | Reached ** piety under Vehumet
  9769 | D:7      | Offered knowledge of Magic Dart by Vehumet.
  9840 | D:7      | Reached skill level 5 in Air Magic
 10799 | D:7      | Gained mutation: You regenerate a lot of health from kills.
                  | [demonic ancestry]
 10799 | D:7      | Reached XP level 10. HP: 56/63 MP: 6/21
 10993 | D:7      | Noticed Pikel
 11081 | D:7      | Killed Pikel
 11220 | D:8      | Offered knowledge of Dazzling Flash by Vehumet.
 11520 | D:8      | Noticed Psyche
 11533 | D:8      | Killed Psyche
 11534 | D:8      | Reached skill level 1 in Fighting
 11902 | D:8      | Found a sparkling altar of Nemelex Xobeh.
 11949 | D:8      | Reached skill level 1 in Armour
 12720 | D:9      | Found a staircase to the Orcish Mines.
 12731 | D:9      | Identified the +9 long sword of Watchfulness {flame, rF-
                  | rC++ rCorr Str+2}
 12928 | D:9      | Reached skill level 1 in Long Blades
 12938 | D:9      | Reached *** piety under Vehumet
 13183 | D:9      | Found a staircase to the Lair.
 13371 | D:9      | Identified the +2 dagger of the Shrinking Gods {holy,
                  | Str+4}
 13473 | Lair:1   | Entered Level 1 of the Lair of Beasts
 13476 | Lair:1   | Noticed a cane toad
 13480 | Lair:1   | Killed a cane toad
 13481 | Lair:1   | Reached skill level 2 in Long Blades
 13486 | Lair:1   | Noticed a cane toad
 13489 | Lair:1   | Killed a cane toad
 13490 | Lair:1   | Reached skill level 3 in Long Blades
 13628 | Lair:1   | Noticed a cane toad
 13656 | Lair:1   | Reached skill level 4 in Long Blades
 13670 | Lair:1   | Killed a cane toad
 13671 | Lair:1   | Reached skill level 5 in Long Blades
 13761 | Lair:1   | Noticed a death yak
 13773 | Lair:1   | Reached skill level 6 in Long Blades
 13773 | Lair:1   | Gained mutation: You are completely covered in razor-sharp
                  | scales. (AC +3, Slay +3) [demonic ancestry]
 13773 | Lair:1   | Reached XP level 11. HP: 73/73 MP: 17/22
 13791 | Lair:1   | Killed a death yak
 13869 | Lair:1   | Reached skill level 7 in Long Blades
 14042 | Lair:1   | Reached skill level 8 in Long Blades
 14048 | Lair:1   | Offered knowledge of Inner Flame by Vehumet.
 14118 | Lair:1   | Noticed a death yak
 14119 | Lair:1   | Noticed a death yak
 14214 | D:10     | Entered Level 10 of the Dungeon
 14472 | D:9      | Killed a death yak
 14473 | D:9      | Reached skill level 9 in Long Blades
 14479 | D:9      | Killed a death yak
 14861 | D:10     | Reached **** piety under Vehumet
 14870 | D:10     | Reached skill level 10 in Long Blades
 14950 | D:10     | Offered knowledge of Arcjolt by Vehumet.
 14974 | D:10     | Noticed a three-headed hydra
 14980 | D:10     | Killed a one-headed hydra
 15145 | D:10     | Noticed Erolcha
 15156 | D:10     | Killed Erolcha
 15236 | D:10     | Noticed a two-headed ogre
 15241 | D:10     | Killed a two-headed ogre
 15242 | D:10     | Reached skill level 11 in Long Blades
 15242 | D:10     | Gained mutation: You are partially covered in sharp spines.
                  | [demonic ancestry]
 15242 | D:10     | Reached XP level 12. HP: 80/80 MP: 19/23
 15504 | Lair:1   | Reached skill level 12 in Long Blades
 16396 | Lair:1   | Learned a level 5 spell: Arcjolt
 16402 | Lair:2   | Reached skill level 13 in Long Blades
 16404 | Lair:2   | Reached ***** piety under Vehumet
 16465 | Lair:2   | Offered knowledge of Lee's Rapid Deconstruction by Vehumet.
 16753 | Orc:1    | Entered Level 1 of the Orcish Mines
 17016 | Orc:2    | Entered Level 2 of the Orcish Mines
 17016 | Orc:2    | Noticed a two-headed ogre
 17016 | Orc:2    | Found a staircase to the Elven Halls.
 17018 | Orc:2    | Paralysed by an orc sorcerer for 3 turns
 17037 | Orc:1    | Killed a two-headed ogre
 17350 | Orc:2    | Noticed an orc high priest
 17359 | Orc:2    | Killed an orc high priest
 17360 | Orc:2    | Reached skill level 14 in Long Blades
 17362 | Orc:2    | Noticed an orc warlord
 17476 | Orc:2    | HP: 4/80 [centaur/arrow (9)]
 18093 | Lair:2   | Reached XP level 13. HP: 85/85 MP: 14/24
 18482 | Lair:2   | Reached skill level 15 in Long Blades
 19271 | Lair:2   | Found a hole to the Spider Nest.
 19946 | Lair:3   | Reached skill level 5 in Fighting
 20477 | Lair:3   | Found a staircase to the Shoals.
 21208 | Lair:4   | Found a runed translucent gate.
 21208 | Lair:4   | Found a runed translucent gate.
 21208 | Lair:4   | Found a runed translucent gate.
 21221 | Lair:4   | Noticed Godezusi's ghost (journeyman DsFi)
 21264 | Lair:4   | Offered knowledge of Conjure Ball Lightning by Vehumet.
 21926 | Lair:4   | Reached XP level 14. HP: 103/103 MP: 11/27
 22062 | Lair:4   | Identified the +3 ring mail "Zanen" {*Corrode rN+++ Str+4
                  | Dex-2}
 22145 | Lair:4   | Found a broken altar of Ashenzari.
 22707 | Lair:5   | Entered Level 5 of the Lair of Beasts
 23106 | Lair:5   | Found a staircase to the Slime Pits.
 23111 | Lair:5   | Found a viscous altar of Jiyva.
 23599 | Lair:5   | Reached skill level 10 in Air Magic
 26292 | Lair:5   | Learned a level 4 spell: Sticky Flame
 26549 | D:11     | Found Lionekh Icsa's Book Boutique.
 26549 | D:11     | Found Apotus's Weapon Boutique.
 26549 | D:11     | Found Bibeleics's Weapon Boutique.
 26551 | D:11     | Bought a book of Vapours for 442 gold pieces
 26551 | D:11     | Bought a book of Armaments for 612 gold pieces
 26557 | D:11     | Learned a level 5 spell: Freezing Cloud
 26618 | D:11     | Reached skill level 1 in Fire Magic
 26671 | D:11     | Noticed Lodul
 26676 | D:11     | Killed Lodul
 26705 | D:11     | Reached XP level 15. HP: 108/108 MP: 14/28
 26782 | D:11     | Noticed Harold
 26787 | D:11     | Killed Harold
 27624 | D:11     | Reached ****** piety under Vehumet
 27715 | D:11     | Found a broken altar of Ashenzari.
 27772 | D:11     | Noticed Urug
 27778 | D:11     | Killed Urug
 28216 | D:12     | Reached skill level 5 in Fire Magic
 28327 | D:12     | Offered knowledge of Ozocubu's Refrigeration by Vehumet.
 29505 | Orc:2    | Found Aciu's Overcharged Wands.
 29791 | Orc:2    | Found Wuegul's Armour Shop.
 29791 | Orc:2    | Found Sauwya Jaic's Jewellery Emporium.
 29793 | Orc:2    | Found Weobbome's Book Shoppe.
 29795 | Orc:2    | Found Cuegi's Jewellery Boutique.
 30226 | Orc:1    | Offered knowledge of Plasma Beam by Vehumet.
 30682 | D:13     | You fall into a shaft and drop 2 floors!
 30682 | D:15     | Entered Level 15 of the Dungeon
 30753 | D:15     | Identified a scroll of acquirement
 30753 | D:15     | Acquired Anonymone's Encyclopedia of Iron Apparitions
 30869 | D:15     | Reached skill level 10 in Spellcasting
 31211 | D:14     | Found a shadowy altar of Dithmenos.
 31380 | D:14     | HP: 5/108 [ironbound thunderhulk/bolt of lightning (61)]
 31381 | D:14     | Succumbed to a green ugly thing's poison

Illustrated notes

Levels and vault maps discovered:
D:1:      amcnicky_arrival_double_pillar, layout_loops_ring
D:2:      layout_basic, serial_park_tiny_1, nicolae_underground_beach
D:3:      layout_rooms, minitemple, shapermc_ecumenical_altar_mp_ritualfount,
          serial_shops, shop, minivault_26
D:4:      layout_cave_pods, elyvilon_altar_5,
          mainiacjoe_overflow_surrounded_room, trog_wizard, temple_fountains,
          minmay_misc_feat_more_columns, uniq_sigmund
D:5:      layout_basic, serial_shops, nicolae_shop_crystal, uniq_duvessa
D:6:      layout_cave_pools, hangedman_ru_absence, corexii_corridor_pit
D:7:      layout_rooms, serial_undead, serial_undead_b, serial_undead_f,
          serial_undead_a, serial_undead_a, serial_undead_a, serial_undead_d,
          serial_undead_b, serial_undead_e, serial_undead_c, serial_undead_c,
          uniq_pikel
D:8:      layout_loops_corners, overflow_temple_1_default, uniq_psyche
D:9:      layout_grid_maze, dpeg_oklobed_lair, orc_0_dummy
D:10:     layout_gridville, hangedman_ranch, uniq_erolcha
D:11:     layout_long_grid, nicolae_shop_distant_corner_stores,
          ashenzari_altar_1, uniq_lodul, uniq_harold, uniq_urug
D:12:     layout_basic, minmay_fractal_squares_diagonal_5
D:13:     layout_stronghold, hellmonk_guarded_unrand_damnation
D:14:     layout_grid_maze, hellmonk_vaults_keyhole, grunt_dithmenos_smoke,
          eino_jars, uniq_louise
D:15:     gammafunk_enter_depths_forms, layout_loops_cross,
          nicolae_diode_quadrants
Temple:   nicolae_temple_superstar
Lair:1:   layout_regular_city, infiniplex_staircase_pool
Lair:2:   layout_layer_cave, spider_nest_entry_funnel_web,
          chequers_serial_rivers_small_b, beast_lair_carwin_1,
          grunt_megastairs_4
Lair:3:   layout_layer_cave, minmay_shoals_entry_hut, serial_forest,
          infiniplex_forest_clump_diagonal, infiniplex_forest_clump_diagonal,
          infiniplex_forest_end_1, infiniplex_forest_corner_1,
          dpeg_stationary_puzzle
Lair:4:   layout_loops_ring, gammafunk_ghost_necromancy, lemuel_oklob_altar,
          grunt_megastairs_2, lemuel_fruit_fields, serial_bayou_shore_b
Lair:5:   guppyfry_lair_end_dragon, layout_long_grid,
          hangedman_lair_tendril_chambers, minmay_slime_entry_oklob_open,
          minmay_shattered_shrine, serial_bayou_shore_a
Orc:1:    layout_caves, basic_altar
Orc:2:    st_orc_rangers, layout_caves, nicolae_shop_overcharged_wands

Skill      XL: |  1  2  3  4  5  6  7  8  9 10 11 12 13 14 15 |
---------------+----------------------------------------------+-----
Transmutations | 1 |  1.1
Stealth        | 2 |  2.1
Conjurations   | 1 2 3 4 |  4.5
Air Magic      | 1 2 3 4 7 9 13 | 13.0
Poison Magic   | 6 7 |  7.1
Spellcasting   | 6 7 9 10 | 10.7
Fighting       | 2 7 |  7.5
Dodging        | 2 |  2.5
Armour         | 1 4 |  4.9
Long Blades    | 6 11 14 15 | 15.0
Fire Magic     | 2 8 |  8.3

Action                     |  1- 3 |  4- 6 |  7- 9 | 10-12 | 13-15 || total
---------------------------+-------+-------+-------+-------+-------++-------
  Melee: Unarmed           |     7 |       |       |       |       ||     7
         Dagger            |    35 |    24 |   199 |    11 |       ||   269
         Punch             |     1 |       |     3 |     2 |     6 ||    12
         Long sword        |       |       |       |   110 |   360 ||   470
   Cast: Sting             |    74 |    59 |   146 |    82 |   228 ||   589
         Poisonous Vapours |     3 |    20 |    53 |    38 |    60 ||   174
         Mephitic Cloud    |       |     2 |    18 |    17 |    14 ||    51
         Swiftness         |       |       |     7 |    10 |     2 ||    19
         Olgreb's Toxic Ra |       |       |     5 |    60 |    76 ||   141
         Airstrike         |       |       |    24 |    48 |   111 ||   183
         Arcjolt           |       |       |       |     8 |    48 ||    56
         Freezing Cloud    |       |       |       |       |    22 ||    22
         Sticky Flame      |       |       |       |       |     2 ||     2
  Evoke: Wand              |       |       |       |       |     1 ||     1
    Use: Scroll            |     3 |     8 |     7 |     4 |     6 ||    28
         Potion            |       |       |     7 |     7 |     6 ||    20
   Stab: Confused          |       |       |     4 |     2 |     5 ||    11
 Armour: Robe              |    18 |    20 |   229 |    44 |       ||   311
         Acid dragon scale |       |       |       |   177 |   435 ||   612
  Dodge: Dodged            |    36 |    41 |   265 |   134 |   291 ||   767
  Block: Other             |       |       |       |       |    82 ||    82
         Reflection        |       |       |       |       |    18 ||    18

Table legend: (Time is in decaauts)
 A = Elapsed time spent in this place.
 B = Non-inter-level travel time spent in this place.
 C = Inter-level travel time spent in this place.
 D = Time resting spent in this place.
 E = Time spent auto-exploring this place.
 F = Levels seen in this place.
 G = Mean time per level.
                   A        B        C        D        E       F      G
               +--------+--------+--------+--------+--------+-----+--------+
         Total |  31363 |  30082 |   1281 |   6356 |  18563 |  23 | 1363.6 |
       Dungeon |  17843 |  16964 |    879 |   3745 |  10019 |  15 | 1189.5 |
        Temple |     46 |     23 |     23 |      0 |      0 |   1 |   46.0 |
          Lair |  10871 |  10578 |    293 |   1346 |   7622 |   5 | 2174.2 |
  Orcish Mines |   2602 |   2517 |     85 |   1264 |    922 |   2 | 1301.0 |
               +--------+--------+--------+--------+--------+-----+--------+

Top non-repeatable levels by time:
  Lair:5: 3736 daAuts
     D:5: 3210 daAuts
  Lair:1: 2052 daAuts
  Lair:2: 1890 daAuts
  Lair:3: 1865 daAuts
     D:7: 1827 daAuts
   Orc:1: 1671 daAuts
     D:9: 1596 daAuts
     D:6: 1502 daAuts
     D:4: 1482 daAuts
     D:3: 1393 daAuts
  Lair:4: 1327 daAuts
     D:8: 1180 daAuts
    D:11: 1165 daAuts
    D:10: 1106 daAuts
